 Dungeon Crawl Stone Soup version 0.28.0-1-gb440e238dd (webtiles) character file.

Game seed: 7316860717031818166

92 RascalDebosk the Conjurer (level 4, -3/24 HPs)
             Began as a Deep Elf Conjurer on Feb 20, 2022.
             Slain by a goblin (5 damage)
             ... led by Robin
             ... on level 3 of the Dungeon.
             The game lasted 00:31:23 (2549 turns).

RascalDebosk the Conjurer (Deep Elf Conjurer)       Turns: 2549, Time: 00:31:24

Health: -3/24      AC:  3    Str:  4    XL:     4   Next: 35%
Magic:  2/12       EV: 12    Int: 25    God:
Gold:   70         SH:  0    Dex: 13    Spells: 1/11 levels left

rFire   . . .      SeeInvis .   b - +0 dagger
rCold   . . .      Faith    .   (no shield)
rNeg    . . .      Spirit   .   a - +0 robe
rPois   .          Reflect  .   (no helmet)
rElec   .          Harm     .   (no cloak)
rCorr   +          Rampage  .   (no gloves)
Will    .....                   g - +0 pair of boots
Stlth   ++........              (no amulet)
HPRegen 0.08/turn               i - ring of resist corrosion
MPRegen 0.13/turn               (no ring)

@: very slightly contaminated, slowed, very slow
A: no striking features
a: no special abilities


You were on level 3 of the Dungeon.
You visited 1 branch of the dungeon, and saw 3 of its levels.

You collected 70 gold pieces.

Inventory:

Hand Weapons
 b - a +0 dagger (weapon)
Armour
 a - a +0 robe (worn)
 g - a +0 pair of boots (worn)
 m - an orb of light
Jewellery
 i - a ring of resist corrosion (left hand)
Scrolls
 c - 3 scrolls of teleportation {unknown}
 f - a scroll of identify {unknown}
 h - a scroll of magic mapping {unknown}
 k - a scroll of blinking {unknown}
Potions
 d - a potion of magic {unknown}
 e - a potion of curing {unknown}
 j - a potion of resistance {unknown}
 l - a potion of flight {unknown}


   Skills:
 + Level 0.8 Fighting
 + Level 2.9 Dodging
 + Level 3.2 Stealth
 * Level 4.2 Spellcasting
 * Level 5.0 Conjurations
 * Level 0.8 Hexes


You had one spell level left.
You knew the following spells:

 Your Spells              Type           Power      Damage    Failure   Level
a - Magic Dart            Conj           100%       1d8       1%          1
b - Searing Ray           Conj           60%        2d6       1%          2
c - Dazzling Flash        Conj/Hex       40%        N/A       8%          3
d - Fulminant Prism       Conj/Hex       10%        3d9       26%         4

Your spell library contained the following spells:

 Spells                   Type           Power      Damage    Failure   Level
 Gell's Gravitas          Tloc           5%         N/A       26%         3
 Ignite Poison            Fire/Tmut/Pois 5%         N/A       26%         3
 Lesser Beckoning         Tloc           5%         N/A       26%         3
 Teleport Other           Tloc           5%         N/A       26%         3
 Iskenderun's Mystic Bla  Conj/Tloc      17%        2d5       30%         4
 Sticky Flame             Conj/Fire      17%        2d4       30%         4
 Fireball                 Conj/Fire      8%         3d6       65%         5


Dungeon Overview and Level Annotations

Branches:
Dungeon (3/15)

Altars:

Annotations:
D:3 Robin


Message History

The goblin shouts!
A fulminant prism comes into view.
You hear a shout!
The goblins go into a battle-frenzy!
The goblin hits your fulminant prism with a +0 club.
A hobgoblin comes into view.
The hobgoblin hits your fulminant prism but does no damage.
Robin of the Strong Arm comes into view.
They are wielding a +0 club.
Unknown command.
You close the door.
A goblin breaks down the door.
A hobgoblin comes into view.
The hobgoblin shouts!
You hit the hobgoblin but do no damage.
Robin flexes a bicep menacingly.
The hobgoblin hits you.
You hit the hobgoblin but do no damage. Robin throws the goblin at you!
The hobgoblin misses you. The goblin closely misses you.
The hobgoblin closely misses you.
You hit the hobgoblin.
The hobgoblin is lightly wounded.
The goblin barely misses you. The hobgoblin closely misses you.
The goblin hits you but does no damage.
You hit the hobgoblin.
The hobgoblin is moderately wounded.
The hobgoblin hits you. The goblin hits you with a +0 club.
The hobgoblin misses you.
You hit the hobgoblin.
The hobgoblin is heavily wounded.
The goblin closely misses you. The hobgoblin closely misses you.
The goblin closely misses you.
You closely miss the hobgoblin.
The hobgoblin is heavily wounded.
The hobgoblin hits you but does no damage.
The goblin barely misses you. The hobgoblin hits you.
* * * LOW HITPOINT WARNING * * *
You hit the hobgoblin but do no damage.
The hobgoblin is heavily wounded.
The hobgoblin no longer looks unusually strong.
The goblin hits you with a +0 club.
You die...

##...## #####
#....<###.
#...#####)........
#.............#
#...####.....##
##.## ##...## #.#
##.## #<# #g#
#...# #@# #...#
#g# ......


ggg #...... ggggg #....... ...g... ##....## ......... ...... +.........+
#(.)......# You could see Robin, 5 hobgoblins and 5 goblins.

Vanquished Creatures
  A gnoll (D:1)
  4 adders (D:2)
  A dart slug (D:2)
  9 endoplasms
  3 giant cockroaches
  5 goblins
  4 hobgoblins
  3 jackals (D:1)
  2 ball pythons
  3 bats (D:2)
  5 kobolds
40 creatures vanquished.

Vanquished Creatures (others)
  A fulminant prism (D:3)
1 creature vanquished.

Grand Total: 41 creatures vanquished

Notes
Turn   | Place    | Note
-------+----------+-------------------------------------------
     0 | D:1      | RascalDebosk the Deep Elf Conjurer began the quest for the
                  | Orb.
     0 | D:1      | Reached XP level 1. HP: 10/10 MP: 6/6
   143 | D:1      | Reached XP level 2. HP: 15/15 MP: 6/8
   267 | D:1      | Learned a level 2 spell: Searing Ray
   418 | D:1      | Found a faded altar of an unknown god.
   489 | D:1      | Reached XP level 3. HP: 19/20 MP: 0/10
  1972 | D:2      | Got the Incunabulum of Fire
  1977 | D:2      | Learned a level 3 spell: Dazzling Flash
  2051 | D:2      | Reached skill level 5 in Conjurations
  2051 | D:2      | Reached XP level 4. HP: 24/24 MP: 8/12
  2084 | D:2      | Learned a level 4 spell: Fulminant Prism
  2541 | D:3      | Noticed Robin
  2549 | D:3      | Slain by a goblin

Illustrated notes

Levels and vault maps discovered:
D:1:      lightli_arrival_statuegarden, layout_rooms,
          chequers_ecumenical_altar_island
D:2:      layout_loops_ring, serial_aquarium, aquarium_bridge_straight
          [aquarium_subvault_bridge, aquarium_subvault_wall,
          aquarium_subvault_bridge, aquarium_subvault_window],
          aquarium_window_corner, aquarium_window_2, aquarium_window_2,
          aquarium_view_2d, aquarium_view_2c, nrook_uturn,
          kennysheep_minor_cross
D:3:      layout_loops_corners, hellmonk_ghost_happy_afterlife,
          minmay_randomly_rotated_circles, uniq_robin

Skill      XL: |  1  2  3 |
---------------+----------+-----
Stealth        | 3 |  3.2
Spellcasting   | 4 |  4.2
Conjurations   | 5 |  5.0
Fighting       | |  0.8
Dodging        | |  2.9
Hexes          | |  0.8

Action                   |  1- 3 |  4- 6 || total
-------------------------+-------+-------++-------
Melee: Dagger            |    35 |     8 ||    43
 Cast: Magic Dart        |    66 |    13 ||    79
       Searing Ray       |     2 |       ||     2
       Fulminant Prism   |       |     1 ||     1
Armor: Robe              |     7 |     3 ||    10
Dodge: Dodged            |    25 |    12 ||    37
